[Event "Titled Tuesday Blitz June 21 Late 2022"]
[White "Abdrlauf, Elham"]
[Black "Barria Santos, Jose Guilherme"]
[WhiteFideId "1533533"]
[BlackFideId "1939300"]
[WhiteElo "2783"]
[BlackElo "2451"]
[Result "1-0"]
[Round "01"]
[TimeControl "180+1"]
[Date "2022.06.22"]
[WhiteClock "0:00:02"]
[BlackClock "0:00:13"]

1. e4 c6 2. d4 d5 3. Nc3 dxe4 4. Nxe4 Nf6 5. Nxf6+ exf6 6. c3 Bd6 7. Bd3 O-O 8. Qc2 Re8+ 9. Ne2 h5 10. O-O h4 11. Bf4 Bg4 12. Bxd6 Qxd6 13. h3 Bxe2 14. Bxe2 Nd7 15. Rfe1 Nf8 16. Rad1 Ne6 17. Bc4 g6 18. d5 cxd5 19. Bxd5 Qb6 20. Qb3 Qxb3 21. axb3 Re7 22. Re4 g5 23. Rde1 Rae8 24. b4 b6 25. g3 hxg3 26. fxg3 Kf8 27. Kf2 f5 28. R4e2 Nc7 29. Rxe7 Rxe7 30. Rxe7 Kxe7 31. Bc4 Ne8 32. Kf3 Nf6 33. Bd3 Ke6 34. h4 Ke5 35. c4 g4+ 36. Ke3 Nh5 37. Kf2 f4 38. gxf4+ Kxf4 39. c5 bxc5 40. bxc5 Nf6 41. c6 Ne8 42. b4 Nc7 43. Kg2 f6 44. b5 Ke3 45. h5 Kxd3 46. h6 f5 47. h7 f4 48. h8=Q f3+ 49. Kf2 Kc4 50. Qe5 1-0


[Site "https://www.chess.com"]

[Event "Titled Tuesday Blitz June 21 Late 2022"]
[White "Adla, Diego"]
[Black "Vifleemskaia, Svetlana"]
[WhiteFideId "100072"]
[BlackFideId "4129490"]
[WhiteElo "2377"]
[BlackElo "1929"]
[Result "1-0"]
[Round "01"]
[TimeControl "180+1"]
[Date "2022.06.22"]
[WhiteClock "0:00:16"]
[BlackClock "0:00:04"]

1. e4 e5 2. Nf3 Nc6 3. d4 exd4 4. Nxd4 Bc5 5. Nb3 Bb6 6. Nc3 Nf6 7. Bg5 h6 8. Bh4 d6 9. Bb5 Be6 10. Qe2 g5 11. Bg3 Qe7 12. O-O-O a6 13. Bxc6+ bxc6 14. h4 g4 15. e5 Nd5 16. Ne4 dxe5 17. Bxe5 f6 18. Bg3 Kf7 19. Rhe1 Rhe8 20. Qd2 Kg7 21. c4 Nb4 22. a3 Bxc4 23. Nec5 Qf7 24. Qxb4 Rxe1 25. Rxe1 a5 26. Qa4 Rd8 27. Nd2 Ba2 28. Qxg4+ Kh8 29. Ne6 Rxd2 30. Kxd2 Qd7+ 31. Kc1 Qd3 32. Qg7# 1-0


[Site "https://www.chess.com"]

[Event "Titled Tuesday Blitz June 21 Late 2022"]
[White "Aksu, Vedat Ali"]
[Black "Arabidze, Meri"]
[WhiteFideId "6304320"]
[BlackFideId "13604040"]
[WhiteElo "2303"]
[BlackElo "2335"]
[Result "0-1"]
[Round "01"]
[TimeControl "180+1"]
[Date "2022.06.22"]
[WhiteClock "0:00:45"]
[BlackClock "0:01:11"]

1. Nf3 f5 2. d4 Nf6 3. Bf4 e6 4. e3 b6 5. h3 Bb7 6. Be2 Bd6 7. Bxd6 cxd6 8. c4 O-O 9. Nc3 Nc6 10. a3 Rc8 11. Rc1 Qe7 12. b4 e5 13. d5 Nd8 14. O-O Nf7 15. Qa4 a6 16. Rfd1 Kh8 17. b5 a5 18. Qb3 Ba8 19. Na4 Rb8 20. Bf1 Ne4 21. Nd2 Nc5 22. Nxc5 dxc5 23. g3 d6 24. Bg2 e4 25. Kh2 Ne5 26. Nb1 g5 27. Nc3 h5 28. Ne2 Rf7 29. Qc3 Qf6 30. Rg1 Rg8 31. Rcf1 Bb7 32. Qd2 Bc8 33. Qc2 Rh7 34. f3 exf3 35. Bxf3 h4 36. gxh4 Rxh4 37. e4 fxe4 38. Bxe4 Qh6 39. Bf5 Rxh3+ 40. Kg2 Rh2+ 0-1


[Site "https://www.chess.com"]

[Event "Titled Tuesday Blitz June 21 Late 2022"]
[White "Andreikin, Dmitry"]
[Black "Colpe, Malte"]
[WhiteFideId "4158814"]
[BlackFideId "24623075"]
[WhiteElo "2736"]
[BlackElo "2328"]
[Result "1-0"]
[Round "01"]
[TimeControl "180+1"]
[Date "2022.06.21"]
[WhiteClock "0:01:55"]
[BlackClock "0:00:02"]

1. d4 Nf6 2. c4 e6 3. Nf3 d5 4. g3 dxc4 5. Bg2 a6 6. O-O Nc6 7. Bg5 Be7 8. e3 Rb8 9. Nfd2 e5 10. Bxf6 Bxf6 11. d5 Ne7 12. Nxc4 O-O 13. Nc3 Bf5 14. d6 cxd6 15. Nxd6 b5 16. Nxf5 Nxf5 17. Qf3 Nd6 18. Rfd1 Be7 19. Rac1 Rc8 20. Nd5 Rxc1 21. Rxc1 Bg5 22. h4 Bh6 23. Rc6 Nc4 24. b3 Nb2 25. Qe2 1-0


[Site "https://www.chess.com"]

[Event "Titled Tuesday Blitz June 21 Late 2022"]
[White "Baches Garcia, Guillermo"]
[Black "Corrales Jimenez, Fidel"]
[WhiteFideId "2209764"]
[BlackFideId "3506690"]
[WhiteElo "2461"]
[BlackElo "2820"]
[Result "1/2-1/2"]
[Round "01"]
[TimeControl "180+1"]
[Date "2022.06.22"]
[WhiteClock "0:00:13"]
[BlackClock "0:00:36"]

1. e4 c5 2. Nf3 d6 3. d4 cxd4 4. Nxd4 Nf6 5. Nc3 a6 6. Be3 e5 7. Nb3 Be6 8. f3 h5 9. Qd2 Nbd7 10. O-O-O Be7 11. Kb1 b5 12. Nd5 Bxd5 13. exd5 Nb6 14. Bxb6 Qxb6 15. Na5 O-O 16. Nc6 Rae8 17. c4 bxc4 18. Bxc4 Nd7 19. g4 hxg4 20. fxg4 Nc5 21. Rhe1 Bh4 22. Re2 e4 23. Rf1 e3 24. Qd4 Re4 25. Qc3 Rfe8 26. b3 Nd7 27. Bd3 Nf6 28. Bxe4 Nxe4 29. Qxe3 Nc3+ 30. Qxc3 Rxe2 31. Qf3 Re1+ 32. Rxe1 Bxe1 33. Ne7+ Kf8 34. Ng6+ Kg8 35. Ne7+ Kf8 36. Ng6+ Kg8 37. Ne7+ 1/2-1/2


[Site "https://www.chess.com"]

[Event "Titled Tuesday Blitz June 21 Late 2022"]
[White "Bakalchuk, Johnatan"]
[Black "Senthilkumar, Pranav"]
[WhiteFideId "2810301"]
[BlackFideId "2083477"]
[WhiteElo "2768"]
[BlackElo "2445"]
[Result "1-0"]
[Round "01"]
[TimeControl "180+1"]
[Date "2022.06.22"]
[WhiteClock "0:01:37"]
[BlackClock "0:01:34"]

1. e4 e5 2. Nf3 Nc6 3. d4 exd4 4. Nxd4 Nf6 5. Nxc6 bxc6 6. e5 Qe7 7. Qe2 Nd5 8. c4 Ba6 9. b3 g6 10. f4 Bg7 11. Qf2 Nb6 12. Ba3 d6 13. Nc3 O-O 14. Be2 c5 15. O-O Nd7 16. Nd5 Qd8 17. Bg4 dxe5 18. Bxd7 Qxd7 19. fxe5 Bxe5 20. Bxc5 Rfe8 21. Nf6+ Bxf6 22. Qxf6 Qe6 23. Qf4 Bb7 24. Rae1 Qd7 25. Rd1 Qe6 26. Qxc7 Be4 27. Rd6 Qe7 28. Rxg6+ Bxg6 29. Bxe7 Rac8 30. Qxa7 1-0


[Site "https://www.chess.com"]

[Event "Titled Tuesday Blitz June 21 Late 2022"]
[White "Barp, Alberto"]
[Black "Sarkar, Justin"]
[WhiteFideId "872555"]
[BlackFideId "2010011"]
[WhiteElo "2229"]
[BlackElo "2020"]
[Result "1-0"]
[Round "01"]
[TimeControl "180+1"]
[Date "2022.06.22"]
[WhiteClock "0:00:55"]
[BlackClock "0:00:01"]

1. Nf3 d5 2. c4 d4 3. b4 g6 4. Bb2 Bg7 5. e3 e5 6. exd4 e4 7. Qe2 Qe7 8. Ne5 f6 9. Ng4 Bxg4 10. Qxg4 f5 11. Qd1 Nc6 12. Nc3 Nxd4 13. Nd5 Qd7 14. Bc3 c6 15. Ne3 O-O-O 16. Be2 Nxe2 17. Qxe2 Bxc3 18. dxc3 Qd3 19. Qb2 Qd7 20. Rd1 Qe7 21. Rxd8+ Qxd8 22. O-O Nf6 23. c5 Qc7 24. Nc4 Rd8 25. Nd6+ Kb8 26. c4 Ne8 27. Rd1 Qe7 28. Qd4 Kc7 29. Nxe8+ Qxe8 30. Qg7+ Rd7 31. Rxd7+ Qxd7 32. Qe5+ Kc8 33. h4 a6 34. Kh2 Qc7 35. Qg3 Qxg3+ 36. Kxg3 Kd7 37. Kf4 Ke6 38. g4 Kf6 39. a4 h6 40. b5 g5+ 41. hxg5+ hxg5+ 42. Ke3 axb5 43. cxb5 Ke5 44. gxf5 Kxf5 45. b6 Ke5 46. a5 1-0


[Site "https://www.chess.com"]

[Event "Titled Tuesday Blitz June 21 Late 2022"]
[White "Barria Zuniga, Daniel"]
[Black "Kanyamarala, Trisha"]
[WhiteFideId "3400816"]
[BlackFideId "45004722"]
[WhiteElo "2414"]
[BlackElo "2134"]
[Result "1-0"]
[Round "01"]
[TimeControl "180+1"]
[Date "2022.06.22"]
[WhiteClock "0:02:00"]
[BlackClock "0:00:58"]

1. d4 Nf6 2. c4 e6 3. Nf3 b6 4. g3 Bb7 5. Bg2 d5 6. Nc3 Be7 7. O-O O-O 8. cxd5 exd5 9. Bf4 Nbd7 10. Qc2 a6 11. Rfd1 Rc8 12. Ne5 c5 13. Qf5 g6 14. Qh3 cxd4 15. Rxd4 Nxe5 16. Bxe5 Rc4 17. Rxc4 Nd7 18. Bc7 Qc8 19. Nxd5 Bc5 20. Rxc5 Bxd5 21. Rxd5 Qxc7 22. Qxd7 1-0


[Site "https://www.chess.com"]

[Event "Titled Tuesday Blitz June 21 Late 2022"]
[White "Batsiashvili, Nino"]
[Black "Bluebaum, Matthias"]
[WhiteFideId "13602993"]
[BlackFideId "24651516"]
[WhiteElo "2149"]
[BlackElo "2556"]
[Result "0-1"]
[Round "01"]
[TimeControl "180+1"]
[Date "2022.06.21"]
[WhiteClock "0:02:18"]
[BlackClock "0:01:59"]

1. d4 Nf6 2. c4 e6 3. Nc3 d5 4. Nf3 Bb4 5. Qa4+ Nc6 6. a3 Bxc3+ 7. bxc3 Bd7 8. cxd5 exd5 9. Qc2 Na5 10. Bg5 h6 11. Bh4 c5 12. dxc5 Rc8 13. e3 Rxc5 14. Bd3 O-O 15. O-O Re8 16. Nd4 g5 17. Bg3 Ne4 18. Rac1 Rxc3 19. Qb2 Rxd3 0-1


[Site "https://www.chess.com"]

[Event "Titled Tuesday Blitz June 21 Late 2022"]
[White "Bayo Milagro, Alvaro"]
[Black "Vu, Bui Thi Thanh Van"]
[WhiteFideId "22275240"]
[BlackFideId "12408921"]
[WhiteElo "2270"]
[BlackElo "1602"]
[Result "1-0"]
[Round "01"]
[TimeControl "180+1"]
[Date "2022.06.22"]
[WhiteClock "0:01:02"]
[BlackClock "0:00:20"]

1. d4 f5 2. g3 Nf6 3. Bg2 e6 4. c4 Be7 5. Nf3 O-O 6. O-O d6 7. b4 a5 8. b5 Nbd7 9. Ba3 Ne4 10. Nbd2 Ndf6 11. Rc1 Qe8 12. Nxe4 Nxe4 13. Nd2 d5 14. Bxe7 Qxe7 15. Nf3 c6 16. Ne5 Bd7 17. bxc6 bxc6 18. Bxe4 fxe4 19. Rb1 Rab8 20. Qa4 Rxb1 21. Rxb1 Be8 22. Qxa5 Qf6 23. Qe1 c5 24. e3 cxd4 25. exd4 Bh5 26. Nd7 Qxd4 27. Nxf8 Kxf8 28. cxd5 exd5 29. Qe3 Qe5 30. Qc5+ Kf7 31. Rb7+ Kf6 32. Rb6+ Kf7 33. Qc1 Bf3 34. Rb7+ Kf6 35. h4 Kf5 36. Qg5+ Ke6 37. Re7+ Kd6 38. Qxe5+ 1-0


[Site "https://www.chess.com"]

[Event "Titled Tuesday Blitz June 21 Late 2022"]
[White "Bjelobrk, Igor"]
[Black "Sadilek, Peter"]
[WhiteFideId "4300726"]
[BlackFideId "1616439"]
[WhiteElo "2335"]
[BlackElo "2145"]
[Result "1-0"]
[Round "01"]
[TimeControl "180+1"]
[Date "2022.06.22"]
[WhiteClock "0:00:22"]
[BlackClock "0:00:18"]

1. Nf3 Nf6 2. g3 e6 3. Bg2 d5 4. O-O Be7 5. d3 O-O 6. Nbd2 Nc6 7. e4 dxe4 8. dxe4 e5 9. c3 a5 10. a4 Bc5 11. Qe2 b6 12. Nc4 Ba6 13. b3 Qe7 14. Nh4 Qe6 15. Nf5 Rfd8 16. Bg5 g6 17. Nh6+ Kg7 18. Kh1 Be7 19. f4 exf4 20. gxf4 Bxc4 21. bxc4 Nh5 22. Nf5+ gxf5 23. Qxh5 Qg6 24. Qxg6+ hxg6 25. exf5 Bxg5 26. Bxc6 Bf6 27. Bxa8 Rxa8 28. fxg6 Kxg6 29. Rf3 Kf5 30. Rd1 Re8 31. Rd7 Re1+ 32. Kg2 Re2+ 33. Rf2 Re4 34. Rxc7 Bxc3 35. Rxf7+ Ke6 36. Rf8 Rxc4 37. f5+ Ke7 38. Rg8 Bf6 39. Rb8 Rg4+ 40. Kf1 Rxa4 41. Rxb6 Re4 42. Re2 Rxe2 43. Kxe2 Bc3 44. Ra6 Kf7 45. Kf3 1-0


[Site "https://www.chess.com"]

[Event "Titled Tuesday Blitz June 21 Late 2022"]
[White "Bortnyk, Mykola"]
[Black "Culum, Sanjin"]
[WhiteFideId "14120836"]
[BlackFideId "14420937"]
[WhiteElo "2582"]
[BlackElo "2013"]
[Result "1-0"]
[Round "01"]
[TimeControl "180+1"]
[Date "2022.06.21"]
[WhiteClock "0:01:10"]
[BlackClock "0:00:08"]

1. e4 c5 2. c3 Nf6 3. e5 Nd5 4. d4 cxd4 5. Qxd4 e6 6. Bc4 Nc6 7. Qe4 f5 8. Qe2 Nb6 9. Bb3 Qc7 10. Nf3 Be7 11. O-O O-O 12. Rd1 Na5 13. Na3 Nxb3 14. axb3 a6 15. Bg5 Bxg5 16. Nxg5 h6 17. Nf3 Nd5 18. c4 Nf4 19. Qe3 g5 20. Nb5 Qc6 21. Rd6 Qe4 22. Qxe4 fxe4 23. Nd2 Nd3 24. Nxe4 Nxe5 25. Nc7 Rb8 26. c5 Nf7 27. Rd4 b6 28. Nf6+ Kg7 29. Nxd7 Bxd7 30. Rxd7 Kf6 31. Nxa6 bxc5 32. Nxb8 Rxb8 33. Rd3 Ne5 34. Rc3 c4 35. bxc4 Rxb2 36. c5 Nc6 37. h3 Nd4 38. c6 Rb8 39. c7 Rc8 40. Rc4 Nb3 41. Rb1 Nd2 42. Rb8 1-0


[Site "https://www.chess.com"]

[Event "Titled Tuesday Blitz June 21 Late 2022"]
[White "Bortnyk, Olexandr"]
[Black "Lamaze, Simon"]
[WhiteFideId "14120828"]
[BlackFideId "36069264"]
[WhiteElo "2723"]
[BlackElo "2090"]
[Result "1-0"]
[Round "01"]
[TimeControl "180+1"]
[Date "2022.06.21"]
[WhiteClock "0:00:38"]
[BlackClock "0:01:04"]

1. d4 Nf6 2. Nc3 d5 3. Bf4 a6 4. e3 e6 5. Nf3 b5 6. a3 Bb7 7. Bd3 Nbd7 8. O-O Be7 9. h3 c5 10. Ne5 O-O 11. Qf3 cxd4 12. exd4 Qb6 13. Rad1 Nxe5 14. dxe5 Nd7 15. Ne2 Nc5 16. Be3 Qc7 17. Bxc5 Bxc5 18. Qg3 b4 19. axb4 Be7 20. c3 a5 21. b5 a4 22. Ra1 a3 23. b4 Qb6 24. Ra2 Ra7 25. Rfa1 Rfa8 26. Nd4 Qc7 27. Nc2 g6 28. Be2 f6 29. Qe3 Qxe5 30. Qxe5 fxe5 31. b6 Ra4 32. Bb5 R4a6 33. Bxa6 Rxa6 34. Rxa3 Rxb6 35. Ra7 Kf7 36. Re1 e4 37. g4 Bg5 38. c4 dxc4 39. Rxe4 Kf6 40. Rxc4 Bd2 41. Rc7 Be4 42. Rf7+ Kg5 43. Ra5+ Kh6 44. Ne3 g5 45. Nc4 Bxb4 46. Re5 Rb7 47. Rxe6+ 1-0


[Site "https://www.chess.com"]

[Event "Titled Tuesday Blitz June 21 Late 2022"]
[White "Cappelletto, Joshuaede"]
[Black "Clarke, Brandon G I"]
[WhiteFideId "2824383"]
[BlackFideId "400319"]
[WhiteElo "2457"]
[BlackElo "2797"]
[Result "0-1"]
[Round "01"]
[TimeControl "180+1"]
[Date "2022.06.22"]
[WhiteClock "0:02:13"]
[BlackClock "0:02:39"]

1. Nf3 Nf6 2. g3 g6 3. Bg2 Bg7 4. O-O O-O 5. c4 d6 6. Nc3 e5 7. d3 Nc6 8. Rb1 a5 9. a3 Nd4 10. Nxd4 exd4 11. Nd5 Nd7 12. e3 c6 13. Nf4 a4 14. exd4 Bxd4 15. Ne2 Bg7 16. Bf4 Nc5 17. d4 Nb3 18. Be3 Bf5 19. Rc1 Nxc1 20. Qxc1 Re8 21. Nc3 Bd3 0-1


[Site "https://www.chess.com"]

[Event "Titled Tuesday Blitz June 21 Late 2022"]
[White "Chigaev, Maksim"]
[Black "Atanasov, Anthony"]
[WhiteFideId "4108116"]
[BlackFideId "2623897"]
[WhiteElo "2457"]
[BlackElo "1928"]
[Result "1-0"]
[Round "01"]
[TimeControl "180+1"]
[Date "2022.06.21"]
[WhiteClock "0:00:19"]
[BlackClock "0:00:04"]

1. e4 c5 2. Nf3 d6 3. c3 Nf6 4. g3 Nc6 5. d3 g6 6. Bg2 Bg7 7. O-O O-O 8. Re1 e5 9. a4 Be6 10. Na3 a6 11. Nc4 b5 12. Ne3 h6 13. h3 Qd7 14. Kh2 d5 15. exd5 Nxd5 16. Nh4 Rad8 17. axb5 axb5 18. Ra6 Qb7 19. Ra1 b4 20. c4 Nxe3 21. Bxe3 Bxc4 22. Bxc5 Rfe8 23. dxc4 Rxd1 24. Raxd1 Qc8 25. Bd5 Nd4 26. Bxd4 exd4 27. Nxg6 Kh7 28. Nf4 f5 29. Nd3 Rxe1 30. Rxe1 Qa6 31. Kg2 b3 32. Re7 Qa5 33. Nf4 Qb4 34. Rb7 Qd2 35. Nh5 1-0


[Site "https://www.chess.com"]

[Event "Titled Tuesday Blitz June 21 Late 2022"]
[White "Coelho, Ramyres Santana"]
[Black "Yurovskykh, Oleksandr"]
[WhiteFideId "2120690"]
[BlackFideId "14134020"]
[WhiteElo "1888"]
[BlackElo "2292"]
[Result "0-1"]
[Round "01"]
[TimeControl "180+1"]
[Date "2022.06.22"]
[WhiteClock "0:00:54"]
[BlackClock "0:01:04"]

1. e4 d5 2. exd5 Qxd5 3. Nc3 Qd8 4. Nf3 Bg4 5. Bc4 e6 6. h3 Bxf3 7. Qxf3 c6 8. O-O Nd7 9. d4 Ngf6 10. Bg5 Be7 11. Rfe1 O-O 12. Rad1 Re8 13. Ne4 Nxe4 14. Bxe7 Qxe7 15. Rxe4 Nf6 16. Rf4 Rad8 17. c3 Rd6 18. Bd3 Red8 19. g4 e5 20. dxe5 Qxe5 21. Rf5 Qe7 22. g5 Nd5 23. Bc4 g6 24. Rf6 Nxf6 25. Rxd6 Rxd6 26. gxf6 Qxf6 27. Qg3 Rd1+ 28. Kg2 Kg7 29. h4 h5 30. Be2 Rd2 31. Bxh5 Rxb2 32. Bg4 Rc2 33. c4 Rxc4 34. h5 Qf4 35. h6+ Kxh6 36. Qh3+ Kg7 37. Bf3 Rc3 38. a4 Rxf3 39. Qxf3 Qxf3+ 40. Kxf3 a5 41. Ke4 b5 42. axb5 cxb5 43. Kd4 a4 44. Kc3 Kf6 45. Kb4 Kf5 46. Kxb5 a3 47. Ka4 a2 48. Kb3 a1=Q 0-1


[Site "https://www.chess.com"]

[Event "Titled Tuesday Blitz June 21 Late 2022"]
[White "Daggupati, Balaji"]
[Black "Mei, Austin"]
[WhiteFideId "2090759"]
[BlackFideId "30948479"]
[WhiteElo "2683"]
[BlackElo "1936"]
[Result "1-0"]
[Round "01"]
[TimeControl "180+1"]
[Date "2022.06.22"]
[WhiteClock "0:02:16"]
[BlackClock "0:00:45"]

1. e4 e5 2. Nf3 Nc6 3. Bb5 a6 4. Ba4 Nf6 5. d4 exd4 6. O-O b5 7. Bb3 Na5 8. e5 Nxb3 9. exf6 Nxa1 10. Re1+ Be7 11. fxe7 Qxe7 12. Rxe7+ Kxe7 13. Qxd4 Bb7 14. Qxg7 d6 15. Bg5+ Kd7 16. Qxf7+ Kc6 17. Be3 Nxc2 18. Nc3 Nxe3 19. fxe3 Kb6 20. Nd5+ Bxd5 21. Qxd5 Rae8 22. Nd4 Re7 23. Qc6+ Ka7 24. Qc3 Kb7 25. Nc6 Ree8 26. Na5+ Kb6 27. b4 c5 28. bxc5+ dxc5 29. Nb3 Rc8 30. Qf6+ Ka7 31. Nxc5 Rhd8 32. Qxa6+ 1-0


[Site "https://www.chess.com"]

[Event "Titled Tuesday Blitz June 21 Late 2022"]
[White "Dauner, Benedikt"]
[Black "Kupervaser, Erez"]
[WhiteFideId "16225899"]
[BlackFideId "2814587"]
[WhiteElo "2230"]
[BlackElo "1832"]
[Result "1-0"]
[Round "01"]
[TimeControl "180+1"]
[Date "2022.06.22"]
[WhiteClock "0:00:58"]
[BlackClock "0:00:41"]

1. b3 Nf6 2. Bb2 g6 3. Bxf6 exf6 4. c4 f5 5. Nc3 Bg7 6. Rc1 O-O 7. g3 d6 8. Bg2 c6 9. e3 Nd7 10. Nge2 Nf6 11. O-O h5 12. d3 h4 13. b4 Bd7 14. a4 hxg3 15. hxg3 Ng4 16. Bf3 Qg5 17. Kg2 Bf6 18. b5 Kg7 19. Rh1 Rh8 20. Qd2 Be5 21. d4 Bf6 22. a5 Rae8 23. a6 bxa6 24. bxc6 Bc8 25. Nd5 Be6 26. Nef4 Bxd5 27. Nxd5 Rh5 28. Rxh5 Qxh5 29. Rh1 Qg5 30. c7 Rc8 31. Rb1 Qh5 32. Bxg4 fxg4 33. Rb8 Qf5 34. Rxc8 Qxc8 35. Qb4 Qf5 36. Qxd6 Qf3+ 37. Kg1 Bh4 38. gxh4 1-0


[Site "https://www.chess.com"]

[Event "Titled Tuesday Blitz June 21 Late 2022"]
[White "De La Colina, Nicolas"]
[Black "Kamsky, Gata"]
[WhiteFideId "30946921"]
[BlackFideId "2000024"]
[WhiteElo "2046"]
[BlackElo "2645"]
[Result "0-1"]
[Round "01"]
[TimeControl "180+1"]
[Date "2022.06.21"]
[WhiteClock "0:00:05"]
[BlackClock "0:00:57"]

1. e4 e5 2. Nf3 Nc6 3. Bc4 Nf6 4. d3 h6 5. c3 d6 6. O-O g6 7. Re1 Bg7 8. Bb3 O-O 9. h3 Kh8 10. Bc2 Qe8 11. d4 Nh5 12. Be3 f5 13. exf5 gxf5 14. dxe5 dxe5 15. Bc5 Rf6 16. Nbd2 Nf4 17. Be3 Nd5 18. Bc5 Nf4 19. Be3 Ng6 20. Bb3 Bd7 21. Qc2 e4 22. Nh2 Nce5 23. Bd4 b6 24. Nc4 c5 25. Bxe5 Nxe5 26. Nxe5 Qxe5 27. Nf3 Qf4 28. Qd2 Qxd2 29. Nxd2 Rd8 30. Rad1 Rff8 31. Nc4 b5 32. Nd6 c4 33. Bc2 Be6 34. Nxb5 Rb8 35. Nc7 Bg8 36. Rb1 Be5 37. Na6 Rb6 38. Nc5 Rd8 39. Red1 Rxd1+ 40. Rxd1 Rxb2 41. Ba4 Bxc3 42. g3 Bd2 43. Nd7 c3 44. Nf6 c2 45. Bxc2 Rxc2 46. Rb1 Rc1+ 47. Rxc1 Bxc1 48. Kf1 Bxa2 0-1


[Site "https://www.chess.com"]

[Event "Titled Tuesday Blitz June 21 Late 2022"]
[White "Di Nicolantonio, Lucas"]
[Black "Hansen, Eric"]
[WhiteFideId "680460"]
[BlackFideId "2606771"]
[WhiteElo "2381"]
[BlackElo "2568"]
[Result "0-1"]
[Round "01"]
[TimeControl "180+1"]
[Date "2022.06.21"]
[WhiteClock "0:00:12"]
[BlackClock "0:00:36"]

1. Nf3 d5 2. c4 e6 3. b3 Nf6 4. Bb2 Be7 5. e3 O-O 6. Nc3 a6 7. d4 b6 8. cxd5 exd5 9. Bd3 Bb7 10. O-O Nbd7 11. Rc1 Bd6 12. Ne2 Re8 13. Ng3 g6 14. Rc2 Ne4 15. Qa1 h5 16. Ne5 Ndf6 17. Nxe4 dxe4 18. Bc4 Bd5 19. Rfc1 b5 20. Be2 Qc8 21. a4 Qe6 22. b4 Reb8 23. Nc6 Re8 24. a5 h4 25. h3 Bxc6 26. Rxc6 Nd5 27. Ba3 Qe7 28. Qb2 Qg5 29. Qd2 Red8 30. Bf1 Kg7 31. Qe2 f5 32. R1c5 Bxc5 33. dxc5 Kh6 34. Bb2 f4 35. exf4 Nxf4 36. Qxe4 Nxh3+ 37. Kh2 Nxf2 38. Qf3 Ng4+ 39. Kh1 Rf8 0-1


[Site "https://www.chess.com"]

[Event "Titled Tuesday Blitz June 21 Late 2022"]
[White "Domingo Nunez, Alejandro"]
[Black "Hoffmann, Asa"]
[WhiteFideId "22245561"]
[BlackFideId "2001470"]
[WhiteElo "2215"]
[BlackElo "2117"]
[Result "1/2-1/2"]
[Round "01"]
[TimeControl "180+1"]
[Date "2022.06.22"]
[WhiteClock "0:00:04"]
[BlackClock "0:00:34"]

1. Nf3 d6 2. d4 Bg4 3. e4 Nf6 4. Nc3 c6 5. a4 e6 6. Bd3 d5 7. e5 Nfd7 8. h3 Bh5 9. g4 Bg6 10. Ne2 c5 11. c3 Nc6 12. Bb5 Qc7 13. Nf4 a6 14. Be2 cxd4 15. Nxg6 hxg6 16. cxd4 Bb4+ 17. Kf1 O-O-O 18. Kg2 Kb8 19. Bf4 f6 20. Rc1 fxe5 21. Nxe5 Ndxe5 22. Bxe5 Bd6 23. Qb3 Ka8 24. Bxd6 Qxd6 25. Qb6 Nb8 26. Qa5 Rhf8 27. Qc7 Qxc7 28. Rxc7 Rf4 29. Rd1 Nc6 30. Rxg7 Rxd4 31. Rxg6 Rxd1 32. Bxd1 e5 33. h4 e4 34. h5 Ne5 35. Rg7 Rh8 36. Rg5 Nd3 37. Kg3 Nxb2 38. Bc2 Rc8 39. h6 Rh8 40. Rh5 Nc4 41. g5 Ne5 42. Kf4 Ng6+ 43. Kf5 Ne7+ 44. Ke6 Ng6 45. Kf6 Nf4 46. Rh4 Rf8+ 47. Kg7 Ne6+ 48. Kh7 Nxg5+ 49. Kg6 Ne6 50. Kh7 d4 51. Bxe4 Ng5+ 52. Kg6 Nxe4 53. Rxe4 Rxf2 54. h7 Rh2 55. Re8+ Ka7 56. h8=Q Rxh8 57. Rxh8 b5 58. axb5 axb5 59. Rd8 Kb6 60. Kf5 Kc5 61. Ke4 b4 62. Rd5+ Kc4 63. Rxd4+ Kc3 64. Rd3+ Kc2 65. Rh3 b3 66. Rh2+ Kc3 67. Rh3+ Kc2 68. Kd4 b2 69. Rh2+ Kb3 70. Rh1 Ka2 71. Rh2 Ka1 72. Rxb2 Kxb2 1/2-1/2


[Site "https://www.chess.com"]

[Event "Titled Tuesday Blitz June 21 Late 2022"]
[White "Domingo Nunez, Ruben"]
[Black "Svicevic, Rastko"]
[WhiteFideId "22245570"]
[BlackFideId "916315"]
[WhiteElo "2376"]
[BlackElo "2049"]
[Result "1-0"]
[Round "01"]
[TimeControl "180+1"]
[Date "2022.06.22"]
[WhiteClock "0:00:49"]
[BlackClock "0:00:09"]

1. c4 c6 2. b3 d5 3. Bb2 Nf6 4. Nf3 e6 5. e3 Be7 6. Be2 O-O 7. O-O a5 8. Nc3 Na6 9. Rc1 Bd7 10. Qc2 h6 11. Rfd1 Rc8 12. Qb1 Qb6 13. Ne5 Be8 14. Na4 Qa7 15. Bd4 c5 16. Ba1 Bxa4 17. bxa4 d4 18. Bf3 Rc7 19. Qb5 Rd8 20. Qxa5 Ne8 21. Qb5 Nd6 22. Qb3 Bf6 23. Ng4 Bg5 24. Rb1 h5 25. Ne5 Bf6 26. Nd3 e5 27. Bd5 Rb8 28. a3 Re7 29. Qb6 Qxb6 30. Rxb6 Nc8 31. Rb3 Nc7 32. Nxc5 Nxd5 33. cxd5 b6 34. a5 dxe3 35. dxe3 Rc7 36. Na6 1-0


[Site "https://www.chess.com"]

[Event "Titled Tuesday Blitz June 21 Late 2022"]
[White "Estrada Nieto, Julian"]
[Black "Boyer, Mahel"]
[WhiteFideId "5101018"]
[BlackFideId "45102422"]
[WhiteElo "2435"]
[BlackElo "2744"]
[Result "0-1"]
[Round "01"]
[TimeControl "180+1"]
[Date "2022.06.22"]
[WhiteClock "0:00:02"]
[BlackClock "0:00:18"]

1. e4 Nc6 2. Nf3 d5 3. exd5 Qxd5 4. Nc3 Qh5 5. d4 Bg4 6. d5 O-O-O 7. Be3 Nf6 8. dxc6 Rxd1+ 9. Rxd1 e6 10. Be2 Bb4 11. cxb7+ Kxb7 12. O-O Bxc3 13. bxc3 Nd5 14. h3 Nxc3 15. Rb1+ Ka8 16. Ba6 Bxf3 17. gxf3 Qxf3 18. Rb3 Ne2+ 19. Kh2 Rb8 20. Rfb1 Rxb3 21. Rxb3 c5 22. a4 Nd4 23. Bxd4 Qf4+ 24. Kg2 cxd4 25. Bb7+ Kb8 26. Bf3+ Kc7 27. Rb7+ Kd6 28. Rxa7 e5 29. Ra6+ Kd7 30. Ra7+ Kd6 31. Ra6+ Kc5 32. Rc6+ Kb4 0-1


[Site "https://www.chess.com"]

[Event "Titled Tuesday Blitz June 21 Late 2022"]
[White "Fiol, Fabrice"]
[Black "Moussard, Jules"]
[WhiteFideId "611670"]
[BlackFideId "642908"]
[WhiteElo "2483"]
[BlackElo "2589"]
[Result "0-1"]
[Round "01"]
[TimeControl "180+1"]
[Date "2022.06.21"]
[WhiteClock "0:00:05"]
[BlackClock "0:00:06"]

1. e4 c5 2. Nf3 e6 3. d4 cxd4 4. Nxd4 Nc6 5. Nc3 Qc7 6. Be3 a6 7. Bd3 Nf6 8. h3 d6 9. O-O Be7 10. Nb3 O-O 11. a4 b6 12. f4 Bb7 13. Qe1 Nd7 14. Qg3 Kh8 15. Rae1 Rac8 16. f5 Bf6 17. Bg5 Bxg5 18. Qxg5 Nce5 19. Kh1 Qd8 20. Qg3 Qe7 21. Nd4 Nc5 22. Rd1 Rg8 23. Nf3 exf5 24. Nd5 Bxd5 25. exd5 g6 26. Ng5 h6 27. Nf3 Rge8 28. Nd4 Ncxd3 29. cxd3 Qg5 30. Qf2 Rc5 31. Ne6 fxe6 32. d4 Rxd5 33. dxe5 Rxe5 34. Rxd6 Re4 35. Rxb6 Rxa4 36. Qc5 Qf6 37. Rb7 Rg8 38. Rd1 Rg7 39. Rb8+ Kh7 40. Rdd8 g5 41. Rh8+ Kg6 42. Rbg8 Ra1+ 43. Kh2 Re1 0-1


[Site "https://www.chess.com"]